 Dungeon Crawl Stone Soup version 0.24.0-41-g2ae2f7f1be (webtiles) character file.

Game seed: 7714316311724253330, levelgen mode: deterministic

1010 ReteAZ the Cudgeler (level 8, -9/53 HPs)
             Began as a Gargoyle Gladiator on Dec 11, 2019.
             Mangled by an orc warrior
             ... wielding a +0 halberd
              (19 damage)
             ... on level 6 of the Dungeon.
             The game lasted 00:11:53 (4743 turns).

ReteAZ the Cudgeler (Gargoyle Gladiator)            Turns: 4743, Time: 00:11:53

Health: -9/53      AC: 12    Str: 18 (20) XL:     8   Next: 21%
Magic:  8/8        EV:  9    Int:  8 (9)  God:
Gold:   206        SH: 10    Dex: 11      Spells: 7/7 levels left

rFire    + . .     SeeInvis .   w - +0 morningstar
rCold    + . .     Gourm    .   y - +2 shield
rNeg     + . .     Faith    .   b - +0 leather armour
rPois    ∞         Spirit   .   s - +1 hat
rElec    +         Reflect  .   m - +1 cloak
rCorr    .         Harm     .   (no gloves)
MR       .....                  (no boots)
Stlth    +.........             (no amulet)
HPRegen  0.17/turn              (no ring)
MPRegen  0.11/turn              (no ring)

@: no status effects
A: cold resistance 1, fire resistance 1, negative energy resistance 1, robust 1,
electricity resistance, unbreathing, petrification resistance, rot immunity, AC
+5
a: no special abilities


You were on level 6 of the Dungeon.
You were not hungry.

You visited 1 branch of the dungeon, and saw 6 of its levels.

You collected 206 gold pieces.

Inventory:

Hand Weapons
 a - a +0 flail
 w - a +0 morningstar (weapon)
 z - a +0 giant club
Missiles
 d - a throwing net (quivered)
 r - 9 boomerangs
Armour
 b - a +0 leather armour (worn)
 c - a +0 helmet
 m - a +1 cloak (worn)
 s - a +1 hat (worn)
 y - a +2 shield (worn)
Wands
 q - a wand of polymorph (3)
Scrolls
 j - 3 scrolls of teleportation
 k - 4 scrolls of identify
 l - a scroll of remove curse {unknown}
 n - a scroll of fog {unknown}
 u - a scroll of amnesia {unknown}
 v - 4 scrolls of blinking {unknown}
Potions
 i - a potion of haste
 o - 3 potions of curing {unknown}
 p - 3 potions of cancellation
 t - 2 potions of lignification
Comestibles
 f - 14 rations
 g - 2 chunks of flesh


   Skills:
 - Level 5.0 Fighting
 * Level 7.4 Maces & Flails
 - Level 1.7 Throwing
 - Level 4.1 Armour
 - Level 2.4 Dodging
 + Level 2.4 Shields


You had 7 spell levels left.
You didn't know any spells.
Your spell library contained the following spells:

 Spells                   Type           Power        Failure   Level  Hunger
 Flame Tongue             Conj/Fire      #....        95%         1    ##.....
 Throw Flame              Conj/Fire      #.....       99%         2    ###....
 Conjure Flame            Conj/Fire      #.......     100%        3    ####...
 Inner Flame              Hex/Fire       #.......     100%        3    ####...
 Sticky Flame             Conj/Fire      #.......     100%        4    #####..
 Fireball                 Conj/Fire      #.........   100%        5    ######.


Dungeon Overview and Level Annotations

Branches:
Dungeon (6/15)
 Temple: D:4-7

Altars:
Cheibriados
Elyvilon
Fedhas
Makhleb
Ru
Xom


Innate Abilities, Weirdness & Mutations

You are resistant to torment.
Your stone body is resilient. (AC +5)
You are immune to poison.
You resist negative energy. (rN+)
You are resistant to electric shocks. (rElec)
You can survive without breathing.
You are immune to petrification.
You are immune to rotting.
Your flesh is cold resistant. (rC+)
Your flesh is heat resistant. (rF+)
You are robust. (+10% HP)


Message History

The orc warrior struggles against the net.
You puncture the orc warrior!
The orc warrior is heavily wounded.
The orc warrior struggles against the net.
You strike the helpless orc warrior from behind!
You thump the orc warrior!
The orc warrior is severely wounded.
The orc warrior struggles against the net.
The net rips apart, and the orc warrior comes free!
You hit the orc warrior but do no damage.
The orc warrior is severely wounded.
The orc warrior hits you with a +0 halberd!
You closely miss the orc warrior.
The orc warrior is severely wounded.
The orc warrior hits you with a +0 halberd!!
* * * LOW HITPOINT WARNING * * *
You closely miss the orc warrior.
The orc warrior is severely wounded.
The orc warrior hits you with a +0 halberd!!
You die...

...##.## #.# #.#####.##÷# #.#
#..........# #.# ..####.##.# #.#
#.##.# #.# ##..####.##.# #.#
............# #.# ....####.##.#
#.# . .........##.# #@# #r
#....#...#.####o#### ## ..
#..............o##.## ##. .#
.........######...#.###.##.##..#
#.....#.## #.##.#.##)oo...#
#....#... #.###.#.o###...#
#.#.#.[.. #.# ###### .#.#
#.#..(... #.# .# #..... #.# .#


You could see an orc warrior and an orc.

Vanquished Creatures
  An ice beast (D:5)
  2 ogres
  A phantom (D:4)
  A bullfrog (D:6)
  2 crimson imps
  A hound (D:4)
  A bullfrog skeleton (D:5)
  2 orc priests (D:5)
  6 orc wizards
  2 worker ants
  A worker ant zombie (D:5)
  A howler monkey zombie (D:5)
  4 gnolls (D:4)
  4 adders
  An ooze (D:4)
  2 adder skeletons (D:4)
  4 worms
  2 dart slugs
  3 leopard geckos
  20 orcs
  3 giant cockroaches
  5 hobgoblins
  9 jackals
  4 kobolds
  5 quokkas (D:6)
  A ball python (D:2)
  A ball python skeleton (D:5)
  3 bats (D:1)
  3 frilled lizards
  4 goblins
  12 rats
111 creatures vanquished.

Notes
Turn   | Place    | Note
-------+----------+-------------------------------------------
     0 | D:1      | ReteAZ the Gargoyle Gladiator began the quest for the Orb.
     0 | D:1      | Reached XP level 1. HP: 12/12 MP: 1/1
    82 | D:1      | Reached XP level 2. HP: 12/18 MP: 2/2
   183 | D:1      | Reached skill level 1 in Armour
   483 | D:1      | Reached XP level 3. HP: 20/22 MP: 3/3
   842 | D:2      | Found a white marble altar of Elyvilon.
   871 | D:2      | Found a sacrificial altar of Ru.
   873 | D:2      | Found a burning altar of Makhleb.
   875 | D:2      | Found a snail-covered altar of Cheibriados.
   934 | D:2      | Found a blossoming altar of Fedhas.
   952 | D:2      | HP: 1/22 [worm (6)]
   955 | D:2      | Gained mutation: You are robust. (+10% HP) [potion of
                  | mutation]
   955 | D:2      | Gained mutation: Your flesh is heat resistant. (rF+)
                  | [potion of mutation]
   955 | D:2      | Gained mutation: Your flesh is cold resistant. (rC+)
                  | [potion of mutation]
  1571 | D:2      | Reached skill level 4 in Maces & Flails
  1701 | D:2      | Reached XP level 4. HP: 29/29 MP: 4/4
  1794 | D:3      | You fall into a shaft and drop 2 floors!
  1794 | D:5      | Entered Level 5 of the Dungeon
  1937 | D:5      | Reached XP level 5. HP: 35/35 MP: 5/5
  2077 | D:5      | Noticed an ogre
  2093 | D:5      | Killed an ogre
  2129 | D:5      | Reached skill level 5 in Maces & Flails
  2129 | D:5      | Reached XP level 6. HP: 38/41 MP: 6/6
  2347 | D:5      | Noticed an ice beast
  2358 | D:5      | Killed an ice beast
  2780 | D:4      | Reached XP level 7. HP: 43/47 MP: 7/7
  2944 | D:4      | Reached skill level 6 in Maces & Flails
  3447 | D:4      | Found a shimmering altar of Xom.
  3473 | D:4      | Reached skill level 5 in Fighting
  3587 | D:4      | Reached skill level 1 in Shields
  4560 | D:6      | Reached skill level 7 in Maces & Flails
  4560 | D:6      | Reached XP level 8. HP: 53/53 MP: 8/8
  4743 | D:6      | Mangled by an orc warrior

Levels and vault maps discovered:
D:1:      dpeg_arrival_radiant, layout_loops_ring, corexii_hall_statues_x,
          chequers_avenue
D:2:      minmay_alternating_diamond, layout_loops_ring, lemuel_crystal_altar,
          elyvilon_altar_3, grunt_temple_overflow_open
D:3:      layout_basic, minmay_misc_feat_cross
D:4:      wad_river_or_something, layout_basic, xom_teletrap_fun, first_ration
D:5:      layout_gridville
D:6:      lemuel_ratsnest, layout_loops_ring, lemuel_round_altar,
          minmay_temple_entry_butterflies, serial_shops, shop_statue

Skill      XL: |  1  2  3  4  5  6  7  8 |
---------------+-------------------------+-----
Armour         | 1 2 3 4 |  4.1
Maces & Flails | 4 5 7 |  7.4
Fighting       | 3 4 5 |  5.0
Shields        | 1 2 |  2.4
Throwing       | |  1.7
Dodging        | |  2.4

Action                   |  1- 3 |  4- 6 |  7- 9 || total
-------------------------+-------+-------+-------++-------
Melee: Flail             |   145 |    64 |       ||   209
       Morningstar       |       |    33 |   234 ||   267
Throw: Throwing net      |       |     1 |     1 ||     2
  Use: Potion            |     1 |       |     3 ||     4
       Scroll            |       |       |     3 ||     3
 Stab: Sleeping          |     1 |       |     1 ||     2
       Held in net/web   |       |       |     1 ||     1
  Eat: Chunk             |     3 |     3 |     7 ||    13
Armor: Leather armour    |    45 |    36 |   148 ||   229
Dodge: Dodged            |   120 |    52 |   109 ||   281
Block: Shield            |       |       |    96 ||    96
